 Dungeon Crawl Stone Soup version 0.28-a0-674-gdaf460b524 (webtiles) character file.

Game seed: 2995117156287176427

126 tatocazan the Skirmisher (level 4, -3/37 HPs)
             Began as a Demonspawn Fighter on Oct 17, 2021.
             Killed from afar by an orc wizard (5 damage)
             ... with a puff of flame
             ... on level 3 of the Dungeon.
             The game lasted 00:02:24 (2441 turns).

tatocazan the Skirmisher (Demonspawn Fighter)       Turns: 2441, Time: 00:02:24

Health: -3/37      AC:  6    Str: 17    XL:     4   Next: 83%
Magic:  4/4        EV:  9    Int: 10    God:
Gold:   110        SH: 10    Dex: 12    Spells: 3/3 levels left

rFire   . . .      SeeInvis .   a - +0 war axe
rCold   . . .      Faith    .   h - +2 kite shield
rNeg    . . .      Spirit   .   b - +0 scale mail
rPois   .          Reflect  .   (no helmet)
rElec   .          Harm     .   (no cloak)
rCorr   .          Rampage  .   (no gloves)
Will    .....                   (no boots)
Stlth   ..........              (no amulet)
HPRegen 0.12/turn               (no ring)
MPRegen 0.09/turn               (no ring)

@: no status effects
A: claws 1, repulsion field 1, foul stench 1
a: no special abilities


You were on level 3 of the Dungeon.
You visited 1 branch of the dungeon, and saw 3 of its levels.

You collected 110 gold pieces.

Inventory:

Hand Weapons
 a - a +0 war axe (weapon)
Armour
 b - a +0 scale mail (worn)
 c - a +0 buckler
 h - a +2 kite shield (worn)
Scrolls
 f - a scroll of holy word {unknown}
 g - a scroll of teleportation {unknown}
 i - a scroll of immolation {unknown}
 k - a scroll of enchant armour {unknown}
Potions
 d - 2 potions of might
 e - a potion of attraction {unknown}


   Skills:
 + Level 3.8 Fighting
 + Level 2.7 Axes
 + Level 3.4 Armour
 + Level 3.4 Shields


You had 3 spell levels left.
You didn't know any spells.
Your spell library was empty.

Dungeon Overview and Level Annotations

Branches:
Dungeon (3/15)

Altars:


Innate Abilities, Weirdness & Mutations

You have sharp fingernails.
You are surrounded by a mild repulsion field. (EV +2)
You may rarely emit foul miasma when damaged in melee.


Message History

You are too confused!
You are too confused!
You are too confused!
You are too confused!
You're too confused to move!
You hear some strange, mumbled words.
A magic dart appears from out of thin air!
The magic dart hits you.
You take 4 damage, and have 25/37 hp.
You miss something. Something hits you but does no damage.
You barely miss something. You hit the orc.
The orc hits you with a +0 hand axe. Something hits you but does no damage.
The orc hits you with a +0 hand axe.
You take 4 damage, and have 21/37 hp.
You bump into the rock wall.
You hear some strange, mumbled words.
A magic dart appears from out of thin air!
The magic dart hits you! The orc hits you with a +0 hand axe.
* * * LOW HITPOINT WARNING * * *
You take 11 damage, and have 10/37 hp.
MASSIVE DAMAGE!!
You bump into the rock wall.
You feel less confused. Something hits you but does no damage.
The orc barely misses you.
You hit the orc.
You kill the orc!
You miss something. Something hits you.
* * * LOW HITPOINT WARNING * * *
You hear some strange, mumbled words.
A puff of flame appears from out of thin air!
The puff of flame hits you!
* * * LOW HITPOINT WARNING * * *
You block the orc's attack.
You take 8 damage, and have 2/37 hp.
MASSIVE DAMAGE!!
You hit the orc.
The orc is moderately wounded.
You miss something.
You hear some strange, mumbled words.
A puff of flame appears from out of thin air!
The puff of flame hits you.
You die...

#.#....<......#
#.#.###.#####.#
......>.# #.#
#.#.#...# #.#
.......[# #.#
#.#.....# #.#
#.....# #)#
#.....#####o#
#.#<....).{@#
#.#..########
#.... ####. #.
#. #.


You could see an orc.

Vanquished Creatures
  Robin (D:2)
  4 adders (D:2)
  2 worms
  A dart slug (D:1)
  3 orcs (D:3)
  4 ball pythons
  3 endoplasms (D:1)
  3 giant cockroaches
  12 goblins
  7 hobgoblins (D:2)
  4 jackals (D:2)
  7 kobolds
  4 quokkas (D:1)
  2 bats
  A frilled lizard (D:1)
  5 rats
  A spectral kobold (D:1)
64 creatures vanquished.

Notes
Turn   | Place    | Note
-------+----------+-------------------------------------------
     0 | D:1      | tatocazan the Demonspawn Fighter began the quest for the
                  | Orb.
     0 | D:1      | Reached XP level 1. HP: 18/18 MP: 1/1
    33 | D:1      | Found a faded altar of an unknown god.
   402 | D:1      | Gained mutation: You may rarely emit foul miasma when
                  | damaged in melee. [demonic ancestry]
   402 | D:1      | Reached XP level 2. HP: 24/24 MP: 2/2
   978 | D:2      | Gained mutation: You have sharp fingernails. [demonic
                  | ancestry]
   978 | D:2      | Reached XP level 3. HP: 20/29 MP: 3/3
  1540 | D:2      | Gained mutation: You are surrounded by a mild repulsion
                  | field. (EV +2) [demonic ancestry]
  1540 | D:2      | Reached XP level 4. HP: 19/36 MP: 4/4
  1906 | D:2      | Noticed Robin
  1932 | D:2      | Killed Robin
  2441 | D:3      | Killed from afar by an orc wizard

Illustrated notes

Levels and vault maps discovered:
D:1:      erik_arrival_orb_chamber, layout_loops_cross,
          dreamdust_ecumenical_altar_drowned_temple
D:2:      layout_loops_ring, minmay_distorted, uniq_robin
D:3:      layout_basic, nicolae_overflow_crystal_walls, serial_park_tiny_1

Skill      XL: |  1  2 |
---------------+-------+-----
Axes           | 2 |  2.7
Armour         | 3 |  3.4
Shields        | 3 |  3.4
Fighting       | |  3.8

Action                   |  1- 3 |  4- 6 || total
-------------------------+-------+-------++-------
Melee: War axe           |   122 |    57 ||   179
  Use: Potion            |       |     2 ||     2
Armor: Scale mail        |    68 |    25 ||    93
       Skin              |       |    35 ||    35
Dodge: Dodged            |    47 |    25 ||    72
Block: Buckler           |    22 |       ||    22
       Kite shield       |    29 |    52 ||    81

Table legend: (Time is in decaauts)
 A = Elapsed time spent in this place.
 B = Non-inter-level travel time spent in this place.
 C = Inter-level travel time spent in this place.
 D = Time resting spent in this place.
 E = Time spent auto-exploring this place.
 F = Levels seen in this place.
 G = Mean time per level.
                   A        B        C        D        E       F      G
               +--------+--------+--------+--------+--------+-----+--------+
         Total |   2540 |   2496 |     44 |    570 |   1473 |   3 |  846.7 |
       Dungeon |   2540 |   2496 |     44 |    570 |   1473 |   3 |  846.7 |
               +--------+--------+--------+--------+--------+-----+--------+

Top non-repeatable levels by time:
     D:2: 1481 daAuts
     D:1: 1002 daAuts
     D:3: 56 daAuts
